Map: Acid Plant LE

Players

exsis - Winner!

  • Race: Protoss Protoss
  • League: Master
  • Spawn Location: 5:00

Iceman

  • Race: Zerg Zerg
  • League: Diamond
  • Spawn Location: 11:00

VOD

Have the link to the VOD?

Description

One base adept all-in, took spine spine spore at front but shaded in adetps did too much damage, but I couldn't make more lings without being behind in workers

Time

  • Played on: Feb. 23, 2018, 7:13 a.m.
  • Length: 5:31
Show
View Real Time Build Order
Export as new Build Order

exsis Protoss - Winner!

Build Orders:  

Get SALT Encoding   

  12  0:00  Probe  
  13  0:12  Probe  
  14  0:17  Pylon  
  14  0:25  Probe  
  15  0:37  Probe  
  15  0:38  Gateway  
  16  0:46  Assimilator  
  16  0:49  Probe  
  17  0:55  Assimilator  
  17  1:01  Probe  
  18  1:10  Gateway  
  18  1:13  Probe  
  19  1:25  Probe  
  20  1:28  Cybernetics Core  
  20  1:37  Probe  
  21  1:40  Pylon  
  21  2:03  Warp Gate (Chrono Boost), Adept x2 (Chrono Boost)  
  25  2:10  Shield Battery  
  25  2:22  Adept x2  
  25  2:24  Shield Battery  
  29  2:33  Gateway  
  29  2:40  Pylon  
  29  2:48  Stalker  
  31  3:00  Stalker  
  33  3:06  Gateway  
  33  3:12  Shield Battery  
  33  3:19  Shield Battery  
  33  3:55  Shield Battery  
  31  3:58  Shield Battery  
  31  3:59  Pylon  
  31  4:00  Stalker x2  
  35  4:03  Stalker  
  37  4:18  Adept  
  37  4:22  Shield Battery  
  39  4:24  Stalker  
  41  4:38  Stalker  
  43  4:40  Stalker  
  45  4:49  Pylon  
  45  5:03  Stalker  
  47  5:08  Stalker  
  49  5:18  Stalker  
  51  5:25  Shield Battery  
Show
View Real Time Build Order
Export as new Build Order

Iceman Zerg 

Build Orders: Hatch First 

Get SALT Encoding   

  12  0:01  Drone  
  13  0:12  Overlord  
  13  0:17  Drone  
  14  0:30  Drone x2  
  17  0:35  Drone  
  17  0:50  Drone  
  17  0:55  Hatchery  
  17  0:58  Drone  
  18  1:07  Extractor  
  17  1:14  Spawning Pool  
  17  1:15  Drone  
  17  1:19  Drone  
  18  1:28  Drone  
  19  1:45  Hatchery  
  19  1:46  Drone  
  19  1:51  Drone  
  20  2:00  Drone  
  21  2:07  Drone  
  22  2:13  Drone, Queen  
  26  2:22  Spore Crawler  
  26  2:23  Metabolic Boost, Spine Crawler  
  26  2:25  Zergling x2, Spine Crawler  
  26  2:27  Zergling x2  
  26  2:29  Zergling x2  
  26  2:34  Zergling x2  
  27  2:40  Zergling x2  
  28  2:48  Roach Warren  
  27  2:55  Drone  
  28  3:05  Overlord  
  27  3:17  Drone x2, Extractor  
  28  3:20  Overlord  
  28  3:22  Queen  
  25  3:45  Zergling x14  
  28  3:54  Drone x2  
  28  3:59  Drone  
  30  4:02  Drone  
  29  4:19  Roach x2  
  32  4:26  Roach  
  33  4:34  Roach  
  34  4:40  Roach  
  34  4:44  Ravager  
  34  4:45  Ravager  
  38  4:50  Roach  
  39  4:53  Zergling x2  
  35  5:00  Roach  
  33  5:08  Roach  
  33  5:11  Roach  
Tags
 
Add a new tag
Caveats
  • Supply blocks, unpowered buildings, or Contaminate may cause inaccurate times.
  • Supply counts are checked every 10 seconds.